| TOP OF THE 1ST |
|
Philadelphia Phillies batting - Pitching for New York Mets : RHP Pat Whittier
|
|
Pitching: RHP Pat Whittier
|
|
|
Batting: SHB Francisco Lindor
|
0-0: Ball 1-0: Swinging Strike 1-1: Ball 2-1: Called Strike 2-2: Strikes out looking
|
|
Batting: RHB Michael Garnier
|
0-0: Ball 1-0: Called Strike 1-1: Called Strike 1-2: Strikes out swinging
|
|
Batting: LHB Ernesto Almirón
|
0-0: Ball 1-0: Foul Ball, location: 2F 1-1: Ground out 4-3 (Groundball, 4, EV 90.0 MPH)
|
| Top of the 1st over - 0 runs, 0 hits, 0 errors, 0 left on base; Philadelphia 0 - New York 0 |
| BOTTOM OF THE 1ST |
|
New York Mets batting - Pitching for Philadelphia Phillies : RHP Austin Brice
|
|
Pitching: RHP Austin Brice
|
|
|
Batting: LHB Kenny Hernandez
|
0-0: Ball 1-0: Ball 2-0: Ball 3-0: Base on Balls
|
|
Batting: SHB Josh E. Bell
|
0-0: Called Strike 0-1: Ball 1-1: Grounds out, U3 (Groundball, 3L, EV 100.0 MPH)
|
|
Batting: RHB Patrick Vitzhum
|
0-0: SINGLE (Groundball, 6D, EV 95.6 MPH) Kenny Hernandez to third Runner from 3rd tries for Home, SAFE, throw by CF to home
|
|
Batting: LHB Deron Fernández
|
0-0: Ball 1-0: Grounds into double play, 4-6-3 (Groundball, 4, EV 87.5 MPH)
|
| Bottom of the 1st over - 1 run, 1 hit, 0 errors, 0 left on base; Philadelphia 0 - New York 1 |
| TOP OF THE 2ND |
|
Philadelphia Phillies batting - Pitching for New York Mets : RHP Pat Whittier
|
|
Batting: LHB Greg Bird
|
0-0: Ball 1-0: Ball 2-0: Swinging Strike 2-1: Foul Ball, location: 7LMF 2-2: SINGLE (Line Drive, 5D, EV 97.5 MPH)
|
|
Batting: LHB Jake Turnbull
|
0-0: Ball 1-0: Ball 2-0: Foul Ball, location: 7LMF 2-1: Ball 3-1: DOUBLE (Flyball, 78XD, EV 97.5 MPH) Greg Bird to third
|
|
Batting: LHB Lou Brown
|
0-0: Ball 1-0: Ball 2-0: Foul Ball, location: 3F 2-1: Foul Ball, location: 2F 2-2: Ball 3-2: Foul Ball, location: 5F 3-2: Base on Balls
|
|
Batting: LHB Ben Moore
|
0-0: Swinging Strike 0-1: Ball 1-1: Foul Ball, location: 2F 1-2: Ball 2-2: Fly out, F8 (Flyball, 8RM, EV 90.0 MPH) Runner from 3rd tags up, SCORES, throw by CF Jake Turnbull to third
|
|
Batting: LHB Dylan Cozens
|
0-0: Grounds into double play, 5-4-3 (Groundball, 56S, EV 85.6 MPH)
|
| Top of the 2nd over - 1 run, 2 hits, 0 errors, 1 left on base; Philadelphia 1 - New York 1 |
| BOTTOM OF THE 2ND |
|
New York Mets batting - Pitching for Philadelphia Phillies : RHP Austin Brice
|
|
Batting: RHB Al Hawkins
|
0-0: Called Strike 0-1: Called Strike 0-2: Foul Ball, location: 2F 0-2: Ball 1-2: Ground out 5-3 (Groundball, 5, EV 95.6 MPH)
|
|
Batting: SHB Greg Bernard
|
0-0: Called Strike 0-1: DOUBLE (Groundball, 5L, EV 103.8 MPH)
|
|
Batting: RHB Joe Bernard
|
0-0: Ball 1-0: Ball 2-0: Foul Ball, location: 5DF 2-1: Fly out, F7 (Flyball, 7S, EV 90.0 MPH)
|
|
Batting: LHB José Vázquez
|
0-0: Ball 1-0: Foul Ball, location: 2F 1-1: Ground out 4-3 (Groundball, 4MS, EV 83.8 MPH)
|
| Bottom of the 2nd over - 0 runs, 1 hit, 0 errors, 1 left on base; Philadelphia 1 - New York 1 |
| TOP OF THE 3RD |
|
Philadelphia Phillies batting - Pitching for New York Mets : RHP Pat Whittier
|
|
Batting: RHB Marcus Semien
|
0-0: Ball 1-0: Called Strike 1-1: Ball 2-1: Ball 3-1: Fly out, F9 (Flyball, 9, EV 93.1 MPH)
|
|
Batting: SHB Francisco Lindor
|
0-0: Called Strike 0-1: Ground out 5-3 (Groundball, 56, EV 94.4 MPH)
|
|
Batting: RHB Michael Garnier
|
0-0: Ball 1-0: Swinging Strike 1-1: Foul Ball, location: 23FF 1-2: Ball 2-2: Strikes out swinging
|
| Top of the 3rd over - 0 runs, 0 hits, 0 errors, 0 left on base; Philadelphia 1 - New York 1 |
| BOTTOM OF THE 3RD |
|
New York Mets batting - Pitching for Philadelphia Phillies : RHP Austin Brice
|
|
Batting: SHB Lou McKenzie
|
0-0: Called Strike 0-1: SINGLE (Groundball, 4MD, EV 94.4 MPH)
|
|
Batting: LHB Kenny Hernandez
|
0-0: Ball 1-0: Fielders Choice at 2nd, 4-6 (Groundball, 4, EV 81.9 MPH)
|
|
Batting: SHB Josh E. Bell
|
0-0: Called Strike 0-1: SINGLE (Groundball, 34, EV 99.4 MPH) Kenny Hernandez to second Runner from 2nd tries for 3rd, SAFE, no throw by RF
|
|
Batting: RHB Patrick Vitzhum
|
0-0: Ball 1-0: Fly out, F8 (Flyball, 8LM, EV 90.0 MPH) Runner from 3rd tags up, SCORES, no throw by CF
|
|
Batting: LHB Deron Fernández
|
0-0: Foul Ball, location: 2RF 0-1: Fly out, F7 (Flyball, 7LM, EV 91.3 MPH)
|
| Bottom of the 3rd over - 1 run, 2 hits, 0 errors, 1 left on base; Philadelphia 1 - New York 2 |
| TOP OF THE 4TH |
|
Philadelphia Phillies batting - Pitching for New York Mets : RHP Pat Whittier
|
|
Batting: LHB Ernesto Almirón
|
0-0: Ball 1-0: Fly out, F7 (Flyball, 7, EV 94.4 MPH)
|
|
Batting: LHB Greg Bird
|
0-0: Called Strike 0-1: Ball 1-1: Foul Ball, location: 5FF 1-2: Strikes out swinging
|
|
Batting: LHB Jake Turnbull
|
0-0: Ball 1-0: Foul Ball, location: 7LSF 1-1: Ground out 6-3 (Groundball, 6, EV 83.8 MPH)
|
| Top of the 4th over - 0 runs, 0 hits, 0 errors, 0 left on base; Philadelphia 1 - New York 2 |
| BOTTOM OF THE 4TH |
|
New York Mets batting - Pitching for Philadelphia Phillies : RHP Austin Brice
|
|
Batting: RHB Al Hawkins
|
0-0: Swinging Strike 0-1: Ball 1-1: Called Strike 1-2: Ball 2-2: Strikes out swinging
|
|
Batting: SHB Greg Bernard
|
0-0: Called Strike 0-1: Swinging Strike 0-2: Ball 1-2: Strikes out looking
|
|
Batting: RHB Joe Bernard
|
0-0: Ball 1-0: Ball 2-0: Ball 3-0: Called Strike 3-1: Base on Balls
|
|
Batting: LHB José Vázquez
|
0-0: Ball 1-0: Fly out, F9 (Flyball, 9, EV 100.6 MPH)
|
| Bottom of the 4th over - 0 runs, 0 hits, 0 errors, 1 left on base; Philadelphia 1 - New York 2 |
| TOP OF THE 5TH |
|
Philadelphia Phillies batting - Pitching for New York Mets : RHP Pat Whittier
|
|
Pitching: LHP Tommy Meyers
|
|
|
Now at 1B: Jake Young
|
|
|
Now at 2B: Ben Simmons
|
|
|
Now at SS: José Vázquez
|
|
|
Now in LF: Jim Lee
|
|
|
Now in CF: Juan De Leon
|
|
|
Now in RF: Brandon Nimmo
|
|
|
Batting: LHB Lou Brown
|
0-0: Called Strike 0-1: Foul Ball, location: 2F 0-2: Strikes out swinging
|
|
Batting: LHB Ben Moore
|
0-0: Swinging Strike 0-1: Ball 1-1: Called Strike 1-2: Ground out 1-3 (Groundball, P, EV 72.5 MPH)
|
|
Batting: LHB Dylan Cozens
|
0-0: Called Strike 0-1: Ground out U3 (Groundball, 34, EV 98.8 MPH)
|
| Top of the 5th over - 0 runs, 0 hits, 0 errors, 0 left on base; Philadelphia 1 - New York 2 |
| BOTTOM OF THE 5TH |
|
New York Mets batting - Pitching for Philadelphia Phillies : RHP Austin Brice
|
|
Pitching: RHP Ken Nicholson
|
|
|
Now in LF: Michael Conforto
|
|
|
Now in RF: Aaron Judge
|
|
|
Batting: SHB Lou McKenzie
|
0-0: Foul Ball, location: 2F 0-1: Called Strike 0-2: Ground out U3 (Groundball, 34, EV 110.0 MPH)
|
|
Batting: LHB Brandon Nimmo
|
0-0: Called Strike 0-1: Ball 1-1: Ball 2-1: Foul Ball, location: 2F 2-2: Ball 3-2: Foul Ball, location: 3F 3-2: SINGLE (Groundball, 56D, EV 100.6 MPH)
|
|
Batting: RHB Jim Lee
|
0-0: Called Strike 0-1: Grounds into double play, 6-4-3 (Groundball, 6, EV 80.0 MPH)
|
| Bottom of the 5th over - 0 runs, 1 hit, 0 errors, 0 left on base; Philadelphia 1 - New York 2 |
| TOP OF THE 6TH |
|
Philadelphia Phillies batting - Pitching for New York Mets : LHP Tommy Meyers
|
|
Now at 2B: Franchy Cordero
|
|
|
Now at SS: Ben Simmons
|
|
|
Batting: RHB Marcus Semien
|
0-0: Ball 1-0: Ground out U3 (Groundball, 3, EV 75.6 MPH)
|
|
Pinch Hitting: SHB Steve Stanley
|
0-0: Ball 1-0: Ball 2-0: Ground out 6-3 (Groundball, 6M, EV 105.6 MPH)
|
|
Pinch Hitting: RHB Leo Marrero
|
0-0: Swinging Strike 0-1: Swinging Strike 0-2: Strikes out swinging
|
| Top of the 6th over - 0 runs, 0 hits, 0 errors, 0 left on base; Philadelphia 1 - New York 2 |
| BOTTOM OF THE 6TH |
|
New York Mets batting - Pitching for Philadelphia Phillies : RHP Ken Nicholson
|
|
Pitching: RHP Kevin Quackenbush
|
|
|
Now at 2B: Steve Stanley
|
|
|
Now at SS: J.P. Crawford
|
|
|
Now in CF: Leo Marrero
|
|
|
Batting: RHB Jake Young
|
0-0: Ball 1-0: Fly out, F7 (Flyball, 78M, EV 92.5 MPH)
|
|
Batting: LHB Jim Hayes
|
0-0: Ball 1-0: Swinging Strike 1-1: Ball 2-1: Foul Ball, location: 3F 2-2: Strikes out swinging
|
|
Batting: RHB Juan De Leon
|
0-0: Foul Ball, location: 9LMF 0-1: Swinging Strike 0-2: Strikes out swinging
|
| Bottom of the 6th over - 0 runs, 0 hits, 0 errors, 0 left on base; Philadelphia 1 - New York 2 |
| TOP OF THE 7TH |
|
Philadelphia Phillies batting - Pitching for New York Mets : LHP Tommy Meyers
|
|
Pitching: RHP Luis Al. Jimenez
|
|
|
Batting: LHB J.P. Crawford
|
0-0: Called Strike 0-1: Foul Ball, location: 2F 0-2: Ball 1-2: Ball 2-2: Strikes out swinging
|
|
Batting: LHB Ivan Hakanson
|
0-0: Ball 1-0: Fly out, F9 (Flyball, 89D, EV 107.5 MPH)
|
|
Batting: LHB Jake Turnbull
|
0-0: Ground out 3-1 (Groundball, 34, EV 96.9 MPH)
|
| Top of the 7th over - 0 runs, 0 hits, 0 errors, 0 left on base; Philadelphia 1 - New York 2 |
| BOTTOM OF THE 7TH |
|
New York Mets batting - Pitching for Philadelphia Phillies : RHP Kevin Quackenbush
|
|
Pitching: RHP Bartholomeu Monserrate
|
|
|
Batting: LHB Ben Simmons
|
0-0: Ground out 4-3 (Groundball, 4, EV 83.1 MPH)
|
|
Batting: RHB Joe Bernard
|
0-0: Ball 1-0: Called Strike 1-1: Ball 2-1: Ball 3-1: Ground out U3 (Groundball, 3L, EV 83.1 MPH)
|
|
Batting: LHB Franchy Cordero
|
0-0: Ball 1-0: Ball 2-0: Foul Ball, location: 5F 2-1: Ball 3-1: Base on Balls
|
|
Pinch Hitting: RHB Brendan Hudson
|
0-0: Called Strike 0-1: Ball 1-1: Foul Ball, location: 3FF 1-2: Strikes out swinging
|
| Bottom of the 7th over - 0 runs, 0 hits, 0 errors, 1 left on base; Philadelphia 1 - New York 2 |
| TOP OF THE 8TH |
|
Philadelphia Phillies batting - Pitching for New York Mets : RHP Luis Al. Jimenez
|
|
Now at 3B: Brendan Hudson
|
|
|
Batting: RHB Aaron Judge
|
0-0: Ground out 6-3 (Groundball, 6, EV 99.4 MPH)
|
|
Pitching: LHP Adam Liberatore
|
|
|
Pinch Hitting: RHB Maikel Franco
|
0-0: Ball 1-0: Swinging Strike 1-1: Swinging Strike 1-2: Strikes out swinging
|
|
Batting: LHB Michael Conforto
|
0-0: Fly out, F8 (Flyball, 8LD, EV 101.3 MPH)
|
| Top of the 8th over - 0 runs, 0 hits, 0 errors, 0 left on base; Philadelphia 1 - New York 2 |
| BOTTOM OF THE 8TH |
|
New York Mets batting - Pitching for Philadelphia Phillies : RHP Bartholomeu Monserrate
|
|
Pitching: LHP Miguel Angel Martínez
|
|
|
Now at 1B: Maikel Franco
|
|
|
Batting: LHB Brandon Nimmo
|
0-0: Swinging Strike 0-1: Foul Ball, location: 2F 0-2: Foul Ball, location: 23F 0-2: Ball 1-2: Ball 2-2: Ball 3-2: Ground out 5-3 (Groundball, 5, EV 88.8 MPH)
|
|
Batting: RHB Jim Lee
|
0-0: Ball 1-0: Ball 2-0: Ball 3-0: Base on Balls
|
|
Batting: RHB Jake Young
|
0-0: Fly out, F8 (Flyball, 8LM, EV 90.6 MPH)
|
|
Batting: SHB Dalton Pompey
|
Pickoff Throw to First - Out! 1-3
|
| Bottom of the 8th over - 0 runs, 0 hits, 0 errors, 0 left on base; Philadelphia 1 - New York 2 |
| TOP OF THE 9TH |
|
Philadelphia Phillies batting - Pitching for New York Mets : LHP Adam Liberatore
|
|
Pitching: RHP Joe Malone
|
|
|
Batting: RHB Marcus Semien
|
0-0: Called Strike 0-1: Ground out 1-3 (Groundball, 34S, EV 60.6 MPH)
|
|
Batting: SHB Steve Stanley
|
0-0: Ground out 4-3 (Groundball, 34D, EV 104.4 MPH)
|
|
Batting: RHB Leo Marrero
|
0-0: Ground out 6-3 (Groundball, 6, EV 93.1 MPH)
|
| Top of the 9th over - 0 runs, 0 hits, 0 errors, 0 left on base; Philadelphia 1 - New York 2 |
|